 Dungeon Crawl Stone Soup version 0.28.0-53-g5a82cb258f (webtiles) character file.

Game seed: 5940149780705332480

4 LynnLen the Sneak (level 1, -2/13 HPs)
             Began as a Vampire Enchanter on Aug 1, 2022.
             Slain by a gnoll
             ... wielding a +0 club
              (5 damage)
             ... on level 1 of the Dungeon.
             The game lasted 00:00:52 (153 turns).

LynnLen the Sneak (Vampire Enchanter)                Turns: 153, Time: 00:00:53

Health: -2/13      AC:  2    Str:  7    XL:     1   Next: 58%
Magic:  3/3        EV: 12    Int: 17    God:
Gold:   0          SH:  0    Dex: 14    Spells: 4/4 levels left

rFire   . . .      SeeInvis +   a - +1 dagger
rCold   . . .      Faith    .   (no shield)
rNeg    . . .      Spirit   .   b - +0 robe
rPois   .          Reflect  .   (no helmet)
rElec   .          Harm     .   (no cloak)
rCorr   .          Rampage  .   (no gloves)
Will    .....                   (no boots)
Stlth   +++.......              (no amulet)
HPRegen 0.24/turn               (no ring)
MPRegen 0.08/turn               (no ring)

@: healing quickly
A: alive, fangs 3, see invisible, vampiric 1
a: Exsanguinate


You were on level 1 of the Dungeon.
You visited 1 branch of the dungeon, and saw 1 of its levels.

Inventory:

Hand Weapons
 a - a +1 dagger (weapon)
Armour
 b - a +0 robe (worn)
Scrolls
 d - a scroll of fear {unknown}
Potions
 c - a potion of invisibility


   Skills:
 * Level 1.3 Short Blades
 * Level 2.3 Dodging
 + Level 4.6 Stealth
 - Level 2.0 Spellcasting
 - Level 4.4 Hexes


You had 4 spell levels left.
You didn't know any spells.
Your spell library contained the following spells:

 Spells                   Type           Power      Damage    Failure   Level
 Confusing Touch          Hex            16%        N/A       10%         3
 Tukima's Dance           Hex            16%        N/A       10%         3
 Ensorcelled Hibernation  Hex/Ice        18%        N/A       12%         2
 Dazzling Flash           Conj/Hex       18%        N/A       24%         3


Dungeon Overview and Level Annotations

Branches:
Dungeon (1/15)

Altars:


Innate Abilities, Weirdness & Mutations

Your natural rate of healing is accelerated.
You have razor-sharp teeth.
You have supernaturally acute eyesight. (SInv)
You are afflicted with vampirism.


Message History

A goblin comes into view. It is wielding a +0 club.
A goblin is nearby!
The helpless goblin fails to defend itself.
You impale the goblin!!
You kill the goblin!
There is an escape hatch in the floor here.
There is an escape hatch in the floor here.
A giant cockroach comes into view.
Found a scroll labelled ZENAIKHIPSA.
Found a faded altar of an unknown god.
The helpless giant cockroach fails to defend itself.
You puncture the giant cockroach!
You kill the giant cockroach!
There is a dry fountain here.
d - a scroll labelled ZENAIKHIPSA
There is a faded altar of an unknown god here.
A gnoll comes into view. It is wielding a +0 club.
Found a metallic golden potion.
The gnoll shouts!
A gnoll is nearby!
A gnoll is nearby!
There is a faded altar of an unknown god here.
There is a dry fountain here.
Number of times to repeat, then command key: You must enter the number of times for the command to repeat.
The gnoll closely misses you.
You barely miss the gnoll. The gnoll hits you with a +0 club.
You closely miss the gnoll. The gnoll hits you with a +0 club!
Ouch! That really hurt!
* * * LOW HITPOINT WARNING * * *
You hit the gnoll.
The gnoll is moderately wounded.
The gnoll misses you.
You hit the gnoll but do no damage.
The gnoll is moderately wounded.
The gnoll hits you with a +0 club.
* * * LOW HITPOINT WARNING * * *
You hit the gnoll.
The gnoll is moderately wounded.
The gnoll hits you with a +0 club.
You die...

######### ........#
#######.#######
#.)........#
#.##.##.##.#
#.##.##.##.#
####.##....##.#
..##.##.##.##.######
..##...>...##...@g.# ##
..#####.......####.###.#
..# ####.#### #.#...##
..### ...# ##..⌠.8#
..... ###.# #.⌠..#### ##
#.##. ..# #...#∩#8#..# #
# #.# #.#8#g#...# #.#
..# ######..⌠.# ..# ###
#8.⌠..#


You could see a gnoll.

Vanquished Creatures
  A giant cockroach (D:1)
  2 goblins (D:1)
  A rat (D:1)
4 creatures vanquished.

Notes
Turn   | Place    | Note
-------+----------+-------------------------------------------
     0 | D:1      | LynnLen the Vampire Enchanter began the quest for the Orb.
     0 | D:1      | Reached XP level 1. HP: 13/13 MP: 3/3
   125 | D:1      | Found a faded altar of an unknown god.
   153 | D:1      | Slain by a gnoll

Illustrated notes

Levels and vault maps discovered:
D:1:      ncdulo_wetmaze, layout_loops_cross, shapermc_ecumenical_altar_venn,
          serial_shops, shop

Action                   || total
-------------------------++-------
Melee: Dagger            ||    13
 Stab: Sleeping          ||     2
Armor: Robe              ||     2
Dodge: Dodged            ||     8
